 Dungeon Crawl Stone Soup version 0.29.1-2-gbd0b4ee654 (webtiles) character file.

Game seed: 15769750045399265862

16419 qeuew the Protected (level 12, -1/64 HPs)
             Began as a Vine Stalker Fighter on Nov 8, 2022.
             Was an Initiate of Gozag.
             Slain by a dream sheep (9 damage)
             ... led by a torpor snail
             ... on level 1 of the Lair of Beasts.
             The game lasted 00:22:59 (12126 turns).

qeuew the Protected (Vine Stalker Fighter)         Turns: 12126, Time: 00:22:59

Health: -1/64      AC: 15    Str: 21    XL:     12   Next: 37%
Magic:  0/25       EV:  2    Int:  8    God:    Gozag
Gold:   968        SH:  0    Dex: 27    Spells: 27/27 levels left

rFire   . . .      SeeInvis .   a - +1 war axe
rCold   . . .      Faith    .   c - +0 buckler
rNeg    . . .      Spirit   +   z - +4 ring mail of Foolhardiness {Dex+4}
rPois   .          Reflect  .   m - +2 helmet
rElec   .          Harm     .   (no cloak)
rCorr   .          Rampage  .   B - +2 pair of gloves
Will    +....                   (no boots)
Stlth   +.........              e - amulet of the acrobat
HPRegen 1.00/turn               n - +6 ring of dexterity
MPRegen 0.19/turn               s - +4 ring of evasion

@: sleeping, gold aura, studying Armour
A: fangs 3, regeneration 1, magic shield, antimagic bite, no potion heal 2,
deformed body
a: Renounce Religion, Potion Petition, Call Merchant, Bribe Branch


You were on level 1 of the Lair of Beasts.
You worshipped Gozag.
Gozag was pleased with you.
You visited 3 branches of the dungeon, and saw 14 of its levels.
You also visited: Sewer and Ice Cave.

You collected 1839 gold pieces.
You paid 871 gold pieces to Gozag.

Inventory:

Hand Weapons
 a - a +1 war axe (weapon)
Armour
 c - a +0 buckler (worn)
 m - a +2 helmet (worn)
 z - the +4 ring mail of Foolhardiness (worn) {Dex+4}
   (You found it on level 9 of the Dungeon)

   Dex:       It affects your dexterity (+4).
 B - a +2 pair of gloves (worn)
Jewellery
 e - an amulet of the acrobat (around neck)
 n - a +6 ring of dexterity (left hand)
 o - a ring of protection from cold
 s - a +4 ring of evasion (right hand)
Wands
 i - a wand of flame (27)
 p - a wand of roots (3) (quivered)
 v - a wand of paralysis (6)
 x - a wand of mindburst (10)
Scrolls
 b - a scroll of magic mapping
 f - 3 scrolls of identify
 l - 7 scrolls of teleportation
 r - 3 scrolls of blinking
 u - a scroll of enchant armour
 A - a scroll of enchant weapon
Potions
 d - 6 potions of might
 g - 3 potions of flight
 h - 4 potions of curing
 j - 2 potions of attraction
 k - 4 potions of invisibility
 q - 3 potions of haste
 t - 2 potions of resistance
 w - 3 potions of magic


   Skills:
 + Level 8.0 Fighting
 + Level 7.6 Axes
 + Level 9.3 Armour
 + Level 6.7 Dodging
 + Level 8.1 Shields
 + Level 8.1 Spellcasting


You had 27 spell levels left.
You didn't know any spells.
Your spell library contained the following spells:

 Spells                   Type           Power      Damage    Failure   Level
 Magic Dart               Conj           12%        1d3       34%         1
 Sandblast                Erth           6%         2d5       34%         1
 Summon Small Mammal      Summ           12%        N/A       34%         1
 Blink                    Tloc           6%         N/A       47%         2
 Passwall                 Tmut/Erth      2%         N/A       47%         2
 Searing Ray              Conj           6%         2d4       47%         2
 Call Canine Familiar     Summ           3%         N/A       71%         3
 Confusing Touch          Hex            3%         N/A       71%         3
 Dazzling Flash           Conj/Hex       6%         N/A       71%         3
 Ozocubu's Armour         Ice            3%         N/A       71%         3
 Stone Arrow              Conj/Erth      6%         3d7       71%         3
 Summon Guardian Golem    Hex/Summ       3%         N/A       71%         3
 Fulminant Prism          Conj/Hex       1%         3d6       98%         4
 Agony                    Necr           3%         N/A       100%        5
 Borgnjor's Vile Clutch   Necr/Erth      1%         N/A       100%        5
 Manifold Assault         Tloc           3%         N/A       100%        5
 Metabolic Englaciation   Hex/Ice        1%         N/A       100%        5
 Silence                  Hex/Air        1%         N/A       100%        5
 Yara's Violent Unravell  Hex/Tmut       1%         3d3       100%        5
 Death Channel            Necr           1%         N/A       100%        6
 Enfeeble                 Hex            1%         N/A       100%        7
 Storm Form               Tmut/Air       1%         N/A       100%        7
 Animate Dead             Necr           Unusable   N/A       N/A         4
 Simulacrum               Ice/Necr       Unusable   N/A       N/A         6

Dungeon Overview and Level Annotations

Branches:
Dungeon (12/15)            Temple (1/1) D:7            Lair (1/5) D:10
    Orc (0/2) D:9           Sewer (visited)           IceCv (visited)

Altars:
Ashenzari
Cheibriados
Dithmenos
Elyvilon
Fedhas
Gozag
Hepliaklqana
Kikubaaqudgha
Makhleb
Nemelex Xobeh
Okawaru
Qazlal
Ru
Sif Muna
Trog
Uskayaw
Vehumet
Wu Jian
Xom
Yredelemnul
Zin
The Shining One

Shops:
D:9 *!

Portals:
Trove: D:11 (give +3 storm dragon scales)

Annotations:
D:8 3 runed translucent doors, shoresy's ghost, novice MiFi


Innate Abilities, Weirdness & Mutations

You have razor-sharp teeth.
Your natural rate of healing is unusually fast.
When hurt, damage is shared between your health and your magic reserves.
Your bite disrupts and absorbs the magic of your enemies.
Potions cannot restore your health.
Armour fits poorly on your strangely shaped body.


Message History

You hit the dream sheep. You closely miss the dream sheep.
The dream sheep misses you. You block the dream sheep's attack.
The torpor snail is distracted by your dazzling golden aura.
The dream sheep barely misses you.
The dream sheep bites you but does no damage.
You slash the torpor snail!
The torpor snail is no longer distracted by gold.
You bite the torpor snail, but do no damage.
The torpor snail is almost dead.
You hit the dream sheep. x2
The dream sheep bites you but does no damage.
The dream sheep misses you. The torpor snail completely misses you.
The dream sheep shake their wool and sparkle.
You feel drowsy...
You fall asleep.
The dream sheep bites you!!
You wake up.
* * * LOW HITPOINT WARNING * * *
You hit the torpor snail but do no damage.
The torpor snail is almost dead.
You closely miss the dream sheep. You slash the dream sheep!
The torpor snail bites you!
* * * LOW HITPOINT WARNING * * *
The dream sheep misses you.
The dream sheep is distracted by your dazzling golden aura.
The torpor snail bites you but does no damage.
The dream sheep bleats!
You slash the torpor snail!
You kill the torpor snail!
You closely miss the dream sheep. You hit the dream sheep.
The dream sheep is no longer distracted by gold.
You feel yourself speed up. The dream sheep bites you!
* * * LOW HITPOINT WARNING * * *
The dream sheep is distracted by your dazzling golden aura.
The dream sheep shake their wool and sparkle.
You feel drowsy...
You fall asleep.
The dream sheep bleats!
Your Fighting skill increases to level 8!
The dream sheep bites you!
You die...
Your body crumbles into a pile of gold.

####....####.#....
..########
#####.#.######.......
######
....................
......
..........#P...#..P.
..#.#.
...................
.....
#.#.##.###..P##...# #
......
.#..####P#..##.##.##.###
......
.......P........$Y......
......
##.#.....#.#####@$#
.#####
#..####..###.Y###.. #
.......(...........YY ..
..##.#.###..#.##..P# ##
..... ......(. ..
###.#.#.####...# .......
..... .## ### ###..# P
.#.


You could see 2 dream sheep.

Vanquished Creatures
  A vault guard (D:11)
  A hydra (D:12)
  A two-headed ogre (D:10)
  A death yak (IceCv)
  2 ugly things
  Joseph (D:9)
  2 gargoyles (D:12)
  A torpor snail (Lair:1)
  A komodo dragon (Lair:1)
  3 kobold demonologists
  4 rime drakes
  4 trolls
  4 polar bears (IceCv)
  A hornet (D:10)
  2 dream sheep (Lair:1)
  A vampire (D:11)
  Sigmund (D:5)
  A shadow (D:12)
  A wraith (D:7)
  A steam dragon (D:9)
  A wyvern (D:9)
  12 yaks
  An acid dragon (D:11)
  A water moccasin (D:8)
  An orc warrior (D:6)
  2 ice beasts
  2 sky beasts (D:7)
  4 black bears
  9 wolves
  10 centaurs
  6 kobold brigands
  2 bullfrogs
  2 necrophages
  A gnoll sergeant (D:8)
  4 scorpions
  A wight (D:9)
  7 killer bees (D:9)
  3 electric eels (D:9)
  7 howler monkeys
  A hound (D:4)
  4 orc priests
  A gnoll bouda (D:7)
  3 jellies (D:6)
  Ijyb (D:4)
  An iguana (D:4)
  6 orc wizards
  14 gnolls
  12 adders
  4 river rats (Sewer)
  3 shadow imps
  A white imp (D:8)
  An ufetubus (D:5)
  6 worms
  3 dart slugs
  30 orcs
  4 endoplasms (D:1)
  4 giant cockroaches
  14 goblins
  4 hobgoblins
  7 jackals
  3 quokkas
  5 ball pythons
  4 bats
  7 frilled lizards
  41 kobolds
  29 rats
  A spectral kobold (D:4)
324 creatures vanquished.

Vanquished Creatures (others)
  A fungus (Lair:1)
  8 plants
9 creatures vanquished.

Grand Total: 333 creatures vanquished

Notes
Turn   | Place    | Note
-------+----------+-------------------------------------------
     0 | D:1      | qeuew the Vine Stalker Fighter began the quest for the Orb.
     0 | D:1      | Reached XP level 1. HP: 11/11 MP: 2/2
   222 | D:1      | Reached XP level 2. HP: 16/16 MP: 3/3
   353 | D:1      | Found a faded altar of an unknown god.
   823 | D:1      | Reached XP level 3. HP: 19/19 MP: 5/5
   903 | D:1      | Reached skill level 1 in Spellcasting
  1409 | D:2      | Identified the +7 trident of Duirchack {vorpal, *Corrode
                  | rC+ rN++ Int+3}
  1909 | D:2      | Reached skill level 1 in Dodging
  1909 | D:2      | Gained mutation: Your natural rate of healing is unusually
                  | fast. [Vine Stalker growth]
  1909 | D:2      | Reached XP level 4. HP: 24/24 MP: 6/6
  2340 | D:3      | Reached XP level 5. HP: 26/28 MP: 5/8
  2519 | D:3      | Found a faded altar of an unknown god.
  2524 | D:3      | Found a glowing golden altar of the Shining One.
  2766 | D:4      | Reached skill level 3 in Armour
  2840 | D:4      | Noticed Ijyb
  2855 | D:4      | Killed Ijyb
  2954 | D:4      | Found a shadowy altar of Dithmenos.
  2956 | D:4      | Found an iron altar of Okawaru.
  2961 | D:4      | Reached XP level 6. HP: 32/32 MP: 10/10
  3149 | D:4      | Found a hazy altar of Hepliaklqana.
  3372 | D:4      | Found a glowing drain.
  3376 | Sewer    | Entered a sewer
  3995 | D:4      | Reached XP level 7. HP: 37/37 MP: 10/12
  4400 | D:5      | Entered Level 5 of the Dungeon
  4558 | D:5      | Noticed Sigmund
  4568 | D:5      | Killed Sigmund
  4581 | D:5      | Found a broken altar of Ashenzari.
  5127 | D:6      | Gained mutation: You have razor-sharp teeth. [Vine Stalker
                  | growth]
  5127 | D:6      | Reached XP level 8. HP: 42/42 MP: 13/13
  5273 | D:6      | Reached skill level 4 in Armour
  5520 | D:6      | Found a basalt altar of Yredelemnul.
  5573 | D:6      | Found a white marble altar of Elyvilon.
  5663 | D:7      | Noticed a yak
  5663 | D:7      | Noticed a red ugly thing
  5717 | D:7      | Killed a yak
  5726 | D:7      | Reached XP level 9. HP: 37/46 MP: 14/16
  5751 | D:7      | Reached skill level 5 in Fighting
  5758 | D:7      | Identified the +0 robe of Xeukij {+Inv rElec}
  5772 | D:7      | Reached skill level 5 in Shields
  5834 | D:7      | Identified the +1 trident "Minenero" {holy, Fragile rC+
                  | Int+6}
  5991 | D:7      | Found a staircase to the Ecumenical Temple.
  6012 | Temple   | Entered the Ecumenical Temple
  6108 | Temple   | Became a worshipper of Gozag Ym Sagoz the Greedy
  6274 | D:7      | Found a sacrificial altar of Ru.
  6328 | D:7      | Reached skill level 5 in Armour
  6328 | D:7      | Reached skill level 5 in Spellcasting
  6492 | D:7      | Killed a red ugly thing
  6493 | D:7      | Reached skill level 5 in Axes
  6692 | D:7      | Reached XP level 10. HP: 35/53 MP: 10/19
  6695 | D:7      | Reached skill level 6 in Armour
  6943 | D:8      | Found a hide-covered altar of Uskayaw.
  7127 | D:8      | Found a runed translucent gate.
  7127 | D:8      | Noticed shoresy's ghost (novice MiFi)
  7128 | D:8      | Found a runed translucent gate.
  7129 | D:8      | Found a runed translucent gate.
  7504 | D:9      | Found Dylial's Distillery.
  7525 | D:9      | Noticed Joseph
  7539 | D:9      | Killed Joseph
  7540 | D:9      | Reached skill level 5 in Dodging
  7715 | D:9      | Reached skill level 7 in Armour
  7738 | D:9      | Found a staircase to the Orcish Mines.
  7960 | D:9      | Identified the +4 ring mail of Foolhardiness {Dex+4}
  8002 | D:9      | Noticed a kobold demonologist
  8011 | D:9      | Killed a kobold demonologist
  8208 | D:9      | Found Orruak's General Store.
  8482 | D:10     | Entered Level 10 of the Dungeon
  8581 | D:10     | Paralysed by a hornet for 2 turns
  8592 | D:10     | Reached XP level 11. HP: 36/58 MP: 21/21
  8670 | D:10     | Noticed a two-headed ogre
  8680 | D:10     | Killed a two-headed ogre
  8820 | D:10     | Found a blossoming altar of Fedhas.
  8877 | D:10     | Found a staircase to the Lair.
  9163 | D:10     | Identified the +5 dagger of the Screaming Oracle {vamp,
                  | Int+4}
  9763 | D:11     | Found a frozen archway.
  9784 | IceCv    | Entered an ice cave
  9802 | IceCv    | Reached skill level 8 in Armour
  9872 | IceCv    | Noticed a death yak
  9898 | IceCv    | Killed a death yak
 10065 | IceCv    | Noticed a death yak
 10069 | IceCv    | Noticed a death yak
 10076 | IceCv    | Noticed a death yak
 10188 | D:11     | Noticed a vault guard
 10207 | D:11     | Killed a vault guard
 10243 | D:11     | Found a portal to a secret trove of treasure.
 10341 | D:11     | Noticed a cyan ugly thing
 10356 | D:11     | Killed a cyan ugly thing
 10550 | D:11     | Reached XP level 12. HP: 63/63 MP: 24/24
 10682 | D:11     | Gained mutation: Armour fits poorly on your strangely
                  | shaped body. [potion of mutation]
 11059 | D:12     | Reached skill level 9 in Armour
 11494 | D:12     | Noticed a five-headed hydra
 11547 | D:12     | Killed a five-headed hydra
 11832 | Lair:1   | Entered Level 1 of the Lair of Beasts
 12126 | Lair:1   | Slain by a dream sheep

Illustrated notes

Levels and vault maps discovered:
D:1:      dpeg_arrival_water_fire, layout_basic, serial_corexii_hall,
          corexii_hall_statues_deadend, corexii_hall_statues_l,
          basic_ecumenical_altar
D:2:      layout_loops_corners
D:3:      layout_rooms, nicolae_overflow_ecumenical_swirl,
          dreamdust_princess_bridge
D:4:      kennysheep_the_goblin_king, layout_loops_ring,
          nicolae_hepliaklqana_monster_ancestors,
          chequers_temple_overflow_statue_of_worship, gup_sewer_entry_spiral,
          minmay_misc_feat_tiny, minivault_14
D:5:      layout_gridville, evilmike_ruin_ashenzari, uniq_sigmund
D:6:      layout_rooms, kennysheep_ying_yang
D:7:      layout_loops_ring, general_overflow_altar,
          minmay_temple_entry_sparse_star, minmay_manual_monstrance
D:8:      layout_basic, nicolae_uskayaw_murder_on_the_dancefloor,
          biasface_ghost_orc_armoury
D:9:      layout_small_grid, orc_0_dummy, serial_shops, shop_fountains,
          shop_fountains, chequers_big_river, minmay_quadrilaterals, uniq_joseph
D:10:     layout_roguey, fedhas_altar_fruit_tree, serial_rivers,
          chequers_serial_rivers_room_a, chequers_serial_rivers_large_a,
          chequers_serial_rivers_marsh, chequers_serial_rivers_small_3,
          nicolae_figureground_pulse
D:11:     layout_cave_pods, enter_trove_5, portal_ice_cave_rime
D:12:     layout_basic
Temple:   hellmonk_temple_forest_ring
Lair:1:   layout_long_grid

Skill      XL: |  1  2  3  4  5  6  7  8  9 10 11 12 |
---------------+-------------------------------------+-----
Axes           | 2 3 4 5 6 7 |  7.6
Spellcasting   | 1 2 3 4 5 6 7 8 |  8.1
Fighting       | 3 4 5 6 7 8 |  8.0
Shields        | 3 4 5 6 7 8 |  8.1
Dodging        | 1 2 3 4 5 6 |  6.7
Armour         | 3 4 5 7 8 9 |  9.3

Action                   |  1- 3 |  4- 6 |  7- 9 | 10-12 || total
-------------------------+-------+-------+-------+-------++-------
Melee: War axe           |    78 |   221 |   262 |   399 ||   960
       Bite              |    19 |    43 |    78 |   156 ||   296
Invok: Potion Petition   |       |       |       |     1 ||     1
Evoke: Wand              |       |       |       |    12 ||    12
  Use: Scroll            |     2 |     5 |     2 |     5 ||    14
       Potion            |     1 |     8 |       |     3 ||    12
 Stab: Distracted        |       |       |     1 |     5 ||     6
       Invisible         |       |       |       |     1 ||     1
       Sleeping          |       |       |       |     1 ||     1
Armor: Scale mail        |    29 |    93 |    87 |    29 ||   238
       Ring mail         |       |       |       |   108 ||   108
       Skin              |       |       |       |    18 ||    18
Dodge: Dodged            |    37 |   100 |   238 |   460 ||   835
Block: Buckler           |    17 |    69 |    95 |   235 ||   416
